 Dungeon Crawl Stone Soup version 0.28.0 (webtiles) character file.

Game seed: 17881728095264438925

488 RighteousDevil the Cudgeller (level 6, -4/52 HPs)
             Began as a Minotaur Monk on Feb 18, 2022.
             Was a Priest of Trog.
             Slain by Eustachio (5 damage)
             ... on level 4 of the Dungeon.
             The game lasted 00:04:49 (3488 turns).

RighteousDevil the Cudgeller (Minotaur Monk)        Turns: 3488, Time: 00:04:49

Health: -4/52      AC:  7    Str: 15    XL:     6   Next: 90%
Magic:  0/8        EV: 10    Int:  7    God:    Trog [***...]
Gold:   128        SH:  0    Dex: 15    Spells: 5/5 levels left

rFire   + . .      SeeInvis .   a - +0 mace
rCold   + . .      Faith    .   (no shield)
rNeg    . . .      Spirit   +   i - +0 scale mail
rPois   +          Reflect  .   (helmet restricted)
rElec   +          Harm     .   (no cloak)
rCorr   +          Rampage  .   m - +0 pair of gloves
Will    ++...                   (no boots)
Stlth   +.........              g - amulet of guardian spirit
HPRegen 1.17/turn               (no ring)
MPRegen 0.11/turn               (no ring)

@: brilliant, resistant, strong-willed (expiring), on berserk cooldown,
regenerating (expiring), slowed, very slow
A: horns 2, retaliatory headbutt
a: Renounce Religion, Berserk, Trog's Hand


You were on level 4 of the Dungeon.
You worshipped Trog.
Trog was most pleased with you.
You visited 1 branch of the dungeon, and saw 4 of its levels.

You collected 128 gold pieces.

Inventory:

Hand Weapons
 a - a +0 mace (weapon)
Armour
 b - a +0 robe
 i - a +0 scale mail (worn)
 m - a +0 pair of gloves (worn)
Jewellery
 g - an amulet of guardian spirit (around neck)
Scrolls
 c - 2 scrolls of summoning
 e - 3 scrolls of identify {unknown}
 h - 2 scrolls of blinking {unknown}
 l - 2 scrolls of vulnerability {unknown}
 o - a scroll of silence {unknown}
 p - a scroll of enchant armour {unknown}
Potions
 d - a potion of cancellation
 f - a potion of lignification {unknown}
 j - a potion of brilliance
 k - a potion of ambrosia {unknown}
 n - a potion of resistance


   Skills:
 - Level 4.0 Fighting
 + Level 7.3 Maces & Flails
 - Level 3.2 Dodging
 - Level 1.5 Stealth
 + Level 4.5 Invocations


You had 5 spell levels left.
You didn't know any spells.
Your spell library was empty.

Dungeon Overview and Level Annotations

Branches:
Dungeon (4/15)
 Temple: D:4-7

Altars:
Okawaru
Trog
Uskayaw
Yredelemnul

Annotations:
D:4 Eustachio


Innate Abilities, Weirdness & Mutations

You have a pair of horns on your head.
You reflexively headbutt those who attack you in melee.


Message History

You feel sick.
The quasit bites you but does no damage.
The quasit closely misses you. x2
You barely miss the quasit.
The quasit is moderately wounded.
You feel sick.
The quasit disappears in a puff of smoke!
You barely miss the quokka. You headbutt the quokka.
You kill the quokka!
The quokka's corpse disappears in a puff of smoke!
You feel sick.
You are no longer berserk.
You are exhausted.
You feel yourself slow down.
You feel sick.
The white imp disappears in a puff of smoke!
The rat bites you but does no damage.
Things that are here:
a killer bee corpse; a killer bee corpse Unknown command.
It was a potion of brilliance.
You feel clever all of a sudden.
You feel sick. The rat barely misses you. Eustachio hits you with a +0 rapier.
The rat misses you.
It was a potion of resistance.
You feel protected.
You feel the effects of Trog's Hand fading.
You feel sick.
Eustachio casts a spell.
The rat bites you but does no damage.
As you read the scroll labelled DUXOZX MIGHEC, it crumbles to dust.
Wisps of shadow whirl around you...
It was a scroll of summoning.
You feel sick.
You are no longer poisoned.
The ufetubus hits you but does no damage.
The ufetubus barely misses you. Eustachio hits you with a +0 rapier!
* * * LOW HITPOINT WARNING * * *
The rat bites you but does no damage.
The ufetubus hits you but does no damage. x2
Eustachio hits you with a +0 rapier.
You die...

#....#..# #. #......#
#. #....# #. #...##
###. ###..# ###...
##.## ####...#. #.K#
###...#####
##@#######...##### #
#.r@5g.#......##_##
#.J###........##...#
....##.........####'###
...##
#........##.#...#. .$..
##......##_.'.8.'. ...
#.......##.#...#. ..
##.......####'###
####.....##...#
###<#####_##


You could see Eustachio (ally target), an ufetubus (summoned, ally target), a
rat (summoned, ally target), a friendly endoplasm (summoned), a friendly
hobgoblin (summoned) and a friendly kobold (summoned).

Vanquished Creatures
  An ogre (D:3)
  A scorpion (D:4)
  5 killer bees (D:4)
  A centaur skeleton (D:4)
  A gnoll (D:1)
  2 adders
  2 worms
  3 dart slugs
  6 bats
  6 endoplasms
  2 giant cockroaches (D:2)
  5 goblins
  2 hobgoblins
  4 jackals (D:1)
  4 quokkas
  2 ball pythons (D:1)
  A frilled lizard (D:3)
  3 kobolds
  2 rats
53 creatures vanquished.

Notes
Turn   | Place    | Note
-------+----------+-------------------------------------------
     0 | D:1      | RighteousDevil the Minotaur Monk began the quest for the
                  | Orb.
     0 | D:1      | Reached XP level 1. HP: 19/19 MP: 0/0
    94 | D:1      | Reached skill level 4 in Maces & Flails
    94 | D:1      | Reached XP level 2. HP: 17/27 MP: 1/1
   326 | D:1      | Found a faded altar of an unknown god.
   589 | D:1      | Prayed at the altar of an unknown god.
   589 | D:1      | Became a worshipper of Trog the Wrathful
   589 | D:1      | Reached * piety under Trog
   589 | D:1      | Reached ** piety under Trog
   751 | D:1      | Reached XP level 3. HP: 33/33 MP: 2/2
  1256 | D:2      | Reached skill level 1 in Invocations
  1477 | D:2      | Reached *** piety under Trog
  1533 | D:2      | Reached skill level 5 in Maces & Flails
  1998 | D:3      | Noticed an ogre
  2004 | D:3      | Killed an ogre
  2005 | D:3      | Reached XP level 4. HP: 40/40 MP: 3/5
  2005 | D:3      | Reached XP level 5. HP: 46/46 MP: 3/6
  2056 | D:3      | Noticed a +0 hand axe
  2056 | D:3      | Noticed a +0 hand axe
  2068 | D:3      | Found a hide-covered altar of Uskayaw.
  3202 | D:4      | Reached skill level 6 in Maces & Flails
  3223 | D:4      | Found a bloodstained altar of Trog.
  3227 | D:4      | Found an iron altar of Okawaru.
  3230 | D:4      | Found a basalt altar of Yredelemnul.
  3284 | D:4      | Reached XP level 6. HP: 52/52 MP: 7/7
  3446 | D:4      | Noticed Eustachio
  3478 | D:4      | Reached skill level 7 in Maces & Flails
  3486 | D:4      | HP: 2/52 [poisoned by a killer bee]
  3488 | D:4      | Slain by Eustachio

Illustrated notes

Levels and vault maps discovered:
D:1:      elethiomel_arrival_shortcut, layout_loops_ring,
          ebering_ecumenical_altar_rust, minmay_tromino_i4
D:2:      layout_loops_ring, minmay_circle_x
D:3:      layout_basic, dancing_weapons_uskayaw, nrook_mini_vaults
D:4:      layout_cave_pods, grunt_temple_overflow_diamond, uniq_edmund,
          uniq_robin, uniq_sigmund, uniq_eustachio

Skill      XL: |  1  2  3  4  5  6 |
---------------+-------------------+-----
Fighting       | 4 |  4.0
Maces & Flails | 4 5 6 7 |  7.3
Invocations    | 2 3 4 |  4.5
Dodging        | |  3.2
Stealth        | |  1.5

Action                   |  1- 3 |  4- 6 || total
-------------------------+-------+-------++-------
Melee: Mace              |    78 |    62 ||   140
       Headbutt          |    18 |    11 ||    29
       Punch             |     1 |     1 ||     2
Invok: Berserk           |     1 |     1 ||     2
       Trog's Hand       |       |     1 ||     1
  Use: Potion            |       |     3 ||     3
       Scroll            |       |     1 ||     1
 Stab: Sleeping          |     5 |       ||     5
Armor: Robe              |     8 |       ||     8
       Scale mail        |    10 |    41 ||    51
Dodge: Dodged            |    46 |    38 ||    84
